 Dungeon Crawl Stone Soup version 0.30-a0-586-g23e55c9e0a (webtiles) character file.

Game seed: 9789238064239781716

620 pokeman the Magician (level 7, -6/38 HPs)
             Began as a Deep Elf Hedge Wizard on Jan 3, 2023.
             Mangled by a black bear (7 damage)
             ... on level 6 of the Dungeon.
             The game lasted 00:07:36 (3671 turns).

pokeman the Magician (Deep Elf Hedge Wizard)        Turns: 3671, Time: 00:07:36

Health: -6/38      AC:  2    Str:  7    XL:     7   Next: 22%
Magic:  11/19      EV: 13    Int: 21    God:
Gold:   187        SH:  0    Dex: 20    Spells: 12/20 levels left

rFire   . . .      SeeInvis .    v - +3 mace
rCold   . . .      Faith    .    (no shield)
rNeg    . . .      Spirit   .    b - +0 robe
rPois   .          Reflect  .    c - +0 hat
rElec   .          Harm     .    (no cloak)
rCorr   .          Rampage  .    (no gloves)
Will    .....                    (no boots)
Stlth   +++                      (no amulet)
HPRegen 0.26/turn                l - +6 ring of dexterity
MPRegen 0.16/turn                (no ring)

@: very slightly contaminated
A: no striking features
a: no special abilities


You were on level 6 of the Dungeon.
You visited 1 branch of the dungeon, and saw 5 of its levels.

You collected 187 gold pieces.

Inventory:

Hand Weapons
 v - a +3 mace (weapon)
Armour
 b - a +0 robe (worn)
 c - a +0 hat (worn)
Magical Staves
 m - a staff of cold
Jewellery
 l - a +6 ring of dexterity (left hand)
Wands
 s - a wand of roots (5)
 u - a wand of paralysis (9)
Scrolls
 a - a scroll of identify {unknown}
 h - a scroll of enchant weapon {unknown}
 i - 2 scrolls of amnesia {unknown}
 n - a scroll of enchant armour {unknown}
 o - a scroll of vulnerability {unknown}
 q - a scroll of torment {unknown}
 t - a scroll of poison {unknown}
 w - 2 scrolls of teleportation {unknown}
Potions
 d - a potion of magic
 e - 3 potions of mutation {unknown}
 f - 2 potions of haste {unknown}
 g - a potion of attraction {unknown}
 j - a potion of cancellation {unknown}
 k - a potion of degeneration {unknown}
 p - 2 potions of curing {unknown}
 r - 3 potions of berserk rage {unknown}


   Skills:
 - Level 1.0 Fighting
 - Level 1.0 Armour
 - Level 3.0 Dodging
 - Level 3.1 Stealth
 * Level 7.0 Spellcasting
 + Level 5.6 Conjurations
 - Level 1.1 Summonings
 - Level 1.1 Translocations
 - Level 1.4 Ice Magic
 - Level 1.3 Air Magic
 + Level 0.5 Poison Magic
 + Level 0.4 Evocations


You had 12 spell levels left.
You knew the following spells:

 Your Spells              Type           Power      Damage    Failure   Level
a - Magic Dart            Conj           100%       1d8       1%          1
b - Mephitic Cloud        Conj/Pois/Air  17%        N/A       10%         3
c - Call Imp              Summ           12%        N/A       9%          2
d - Blink                 Tloc           24%        N/A       9%          2

Your spell library contained the following spells:

 Spells                   Type           Power      Damage    Failure   Level
 Slow                     Hex            28%        N/A       9%          1
 Cigotuvi's Dreadful Rot  Necr/Pois/Air  18%        N/A       11%         2
 Animate Dead             Necr           7%         N/A       65%         4
 Summon Forest            Summ/Tloc      6%         N/A       83%         5
 Borgnjor's Vile Clutch   Necr/Erth      3%         N/A       94%         5
 Death Channel            Necr           3%         N/A       100%        6
 Eringya's Noxious Bog    Tmut/Pois      4%         N/A       100%        6
 Summon Hydra             Summ           6%         N/A       100%        7


Dungeon Overview and Level Annotations

Branches:
Dungeon (4/15)
 Temple: D:4-7

Altars:
Kikubaaqudgha
Makhleb

Annotations:
D:3 3 runed translucent doors, wormed's ghost, amateur MfMo


Message History

You hit the black bear.
The black bear is lightly wounded.
The black bear barely misses your crimson imp.
The black bear closely misses your crimson imp.
The black bear barely misses your crimson imp.
Your crimson imp blinks!
You catch the helpless black bear completely off-guard!
You hit the black bear.
The black bear is moderately wounded.
The black bear bites you. The black bear barely misses you.
The black bear closely misses you.
You catch the helpless black bear completely off-guard!
You hit the black bear.
The black bear is moderately wounded.
Your crimson imp barely misses the black bear.
Your crimson imp blinks!
The black bear closely misses you. The black bear claws you. x2
You sock the black bear!
The black bear is severely wounded.
The black bear barely misses you. The black bear claws you.
The black bear closely misses you.
You hit the black bear.
The black bear is almost dead.
The black bear closely misses you. The black bear claws you.
The black bear completely misses you.
You barely miss the black bear.
The black bear is almost dead.
The black bear seems less confused.
The black bear goes berserk!
The black bear bites you!
* * * LOW HITPOINT WARNING * * *
The black bear claws you!
* * * LOW HITPOINT WARNING * * *
The black bear misses you.
Unknown command.
Casting: Call Imp (safe; 9% risk of failure)
Confirm with . or Enter, or press ? or * to list all spells.
You miscast Blink.
You are very lightly contaminated with residual magic.
Nothing appears to happen.
The black bear bites you!
You die...

.......
.......
....... ....#
####....#..
##..........
##...........
#...†........
##†.@........
#..h5.......
##..........
##.........
#..#......
##.......
##..... ##..#
.


You could see a black bear (berserk, ally target) and a friendly crimson imp
(summoned).

Vanquished Creatures
  3 killer bees (D:6)
  2 vampire bats (D:4)
  5 adders
  A white imp (D:6)
  An ufetubus (D:6)
  3 worms
  3 dart slugs
  5 orcs (D:3)
  2 bat skeletons (D:4)
  2 bat zombies (D:4)
  4 endoplasms
  4 giant cockroaches
  6 goblins
  5 hobgoblins
  2 jackals (D:1)
  5 kobolds
  2 quokkas
  11 ball pythons
  2 bats (D:1)
  A frilled lizard (D:1)
  4 rats
73 creatures vanquished.

Vanquished Creatures (collateral kills)
  Sigmund (D:2)
  A killer bee (D:6)
  An orc wizard (D:3)
3 creatures vanquished.

Vanquished Creatures (others)
  A killer bee (D:6)
1 creature vanquished.

Grand Total: 77 creatures vanquished

Notes
Turn   | Place    | Note
-------+----------+-------------------------------------------
     0 | D:1      | pokeman the Deep Elf Hedge Wizard began the quest for the
                  | Orb.
     0 | D:1      | Reached XP level 1. HP: 10/10 MP: 7/7
    10 | D:1      | Noticed a centaur
   376 | D:1      | Reached XP level 2. HP: 15/15 MP: 6/9
   868 | D:1      | Reached skill level 5 in Spellcasting
  1209 | D:2      | Reached XP level 3. HP: 20/20 MP: 3/11
  1216 | D:2      | Learned a level 3 spell: Mephitic Cloud
  1219 | D:2      | Learned a level 2 spell: Call Imp
  1222 | D:2      | Learned a level 2 spell: Blink
  1375 | D:2      | Found a faded altar of an unknown god.
  1480 | D:2      | Reached skill level 1 in Armour
  1555 | D:2      | Reached skill level 1 in Fighting
  1676 | D:2      | Reached XP level 4. HP: 22/25 MP: 8/13
  1775 | D:2      | Noticed Sigmund
  1795 | D:2      | Killed Sigmund
  1796 | D:2      | Reached skill level 5 in Conjurations
  1796 | D:2      | Reached XP level 5. HP: 28/29 MP: 10/15
  2110 | D:2      | Found a burning altar of Makhleb.
  2660 | D:3      | Found a runed translucent gate.
  2660 | D:3      | Found a runed translucent gate.
  2660 | D:3      | Found a runed translucent gate.
  2661 | D:3      | Noticed wormed's ghost (amateur MfMo)
  2839 | D:3      | Reached XP level 6. HP: 34/34 MP: 12/16
  3458 | D:4      | Found an ancient bone altar of Kikubaaqudgha.
  3462 | D:4      | Reached skill level 6 in Spellcasting
  3531 | D:4      | You fall into a shaft and drop 2 floors!
  3553 | D:6      | Reached skill level 1 in Ice Magic
  3553 | D:6      | Reached skill level 1 in Air Magic
  3553 | D:6      | Reached XP level 7. HP: 38/38 MP: 8/19
  3558 | D:6      | Reached skill level 7 in Spellcasting
  3670 | D:6      | HP: 1/38 [black bear (7)]
  3671 | D:6      | Mangled by a black bear

Illustrated notes

Levels and vault maps discovered:
D:1:      evilmike_arrival_come_back, layout_basic, minmay_stone_trees_small
D:2:      layout_basic, basic_ecumenical_altar, basic_altar, eino_curves_01,
          minivault_11, nrook_loot_triangle, minmay_split_cup_small,
          uniq_sigmund
D:3:      layout_basic, ebering_ghost_rock_garden
D:4:      layout_loops_cross, kennysheep_vampire_church
D:6:      layout_cave_pools, nicolae_overflow_quartered_altars,
          lemuel_temple_firewalk_b, nicolae_evil_shop

Skill      XL: |  1  2  3  4  5  6  7 |
---------------+----------------------+-----
Spellcasting   | 5 6 7 |  7.0
Armour         | 1 |  1.0
Conjurations   | 2 5 |  5.6
Fighting       | 1 |  1.0
Stealth        | 3 |  3.1
Dodging        | 3 |  3.0
Ice Magic      | 1 |  1.4
Air Magic      | 1 |  1.3
Summonings     | |  1.1
Translocations | |  1.1
Poison Magic   | |  0.5
Evocations     | |  0.4

Action                   |  1- 3 |  4- 6 |  7- 9 || total
-------------------------+-------+-------+-------++-------
Melee: Dagger            |     4 |    16 |       ||    20
       Mace              |       |       |     8 ||     8
 Cast: Magic Dart        |   103 |    59 |    10 ||   172
       Mephitic Cloud    |       |     5 |     1 ||     6
       Call Imp          |       |     3 |     1 ||     4
 Stab: Confused          |       |     1 |     2 ||     3
Armor: Robe              |     2 |     6 |       ||     8
Dodge: Dodged            |    16 |    38 |    15 ||    69

Table legend: (Time is in decaauts)
 A = Elapsed time spent in this place.
 B = Non-inter-level travel time spent in this place.
 C = Inter-level travel time spent in this place.
 D = Time resting spent in this place.
 E = Time spent auto-exploring this place.
 F = Levels seen in this place.
 G = Mean time per level.
                   A        B        C        D        E       F      G
               +--------+--------+--------+--------+--------+-----+--------+
         Total |   3672 |   3608 |     64 |    143 |   3020 |   5 |  734.4 |
       Dungeon |   3672 |   3608 |     64 |    143 |   3020 |   5 |  734.4 |
               +--------+--------+--------+--------+--------+-----+--------+

Top non-repeatable levels by time:
     D:2: 1343 daAuts
     D:1: 1200 daAuts
     D:3: 674 daAuts
     D:4: 311 daAuts
     D:6: 142 daAuts
